 Dungeon Crawl Stone Soup version 0.25.1-8-g42b30a86e7 (webtiles) character file.

Game seed: 616925752085662077

45 0gre the Chiller (level 3, -8/25 HPs)
             Began as a Gnoll Ice Elementalist on Dec 13, 2020.
             Mangled by Crazy Yiuf
             ... wielding a +4 quarterstaff of chaos
              (10 damage)
             ... on level 2 of the Dungeon.
             The game lasted 00:06:52 (1054 turns).

0gre the Chiller (Gnoll Ice Elementalist)           Turns: 1054, Time: 00:06:53

Health: -8/25      AC:  2    Str: 11    XL:     3   Next: 64%
Magic:  6/9        EV: 14    Int: 17    God:
Gold:   66         SH:  0    Dex: 15    Spells: 8/12 levels left

rFire    . . .     SeeInvis .   a - +0 mace
rCold    . . .     Gourm    .   (no shield)
rNeg     . . .     Faith    .   g - +0 robe
rPois    .         Spirit   .   (no helmet)
rElec    .         Reflect  .   (no cloak)
rCorr    .         Harm     .   (no gloves)
MR       .....                  (no boots)
Stlth    +++.......             (no amulet)
HPRegen  0.08/turn              (no ring)
MPRegen  0.11/turn              (no ring)

@: lethally poisoned (-8 -> -51), frozen ramparts
A: distributed training, fangs 1, strong nose
a: no special abilities


You were on level 2 of the Dungeon.
You were hungry.

You visited 1 branch of the dungeon, and saw 2 of its levels.

You collected 66 gold pieces.

Inventory:

Hand Weapons
 a - a +0 mace (weapon)
Missiles
 e - 57 stones
 h - 16 poisoned darts (quivered)
Armour
 g - a +0 robe (worn)
Scrolls
 d - 2 scrolls of teleportation {unknown}
 f - a scroll of enchant armour {unknown}
 i - a scroll of random uselessness {unknown}
 k - a scroll of amnesia {unknown}
Potions
 j - a potion of degeneration {unknown}
Comestibles
 b - 3 chunks of flesh
 c - 6 rations


   Skills:
 + Level 0.8 Fighting
 + Level 0.8 Short Blades
 + Level 0.8 Long Blades
 + Level 0.8 Axes
 + Level 0.8 Maces & Flails
 + Level 0.8 Polearms
 + Level 0.8 Staves
 + Level 0.8 Slings
 + Level 0.8 Bows
 + Level 0.8 Crossbows
 + Level 0.8 Throwing
 + Level 0.8 Armour
 + Level 4.5 Dodging
 + Level 4.1 Stealth
 + Level 0.8 Shields
 + Level 0.8 Unarmed Combat
 + Level 5.0 Spellcasting
 + Level 0.5 Conjurations
 + Level 0.5 Hexes
 + Level 0.5 Charms
 + Level 0.5 Summonings
 + Level 0.5 Necromancy
 + Level 0.5 Translocations
 + Level 0.5 Transmutations
 + Level 0.5 Fire Magic
 + Level 7.1 Ice Magic
 + Level 0.5 Air Magic
 + Level 0.5 Earth Magic
 + Level 0.5 Poison Magic
 + Level 1.0 Invocations
 + Level 0.8 Evocations


You had 8 spell levels left.
You knew the following spells:

 Your Spells              Type           Power        Failure   Level  Hunger
a - Freeze                Ice            ####         1%          1    None
b - Frozen Ramparts       Ice            ####..       2%          3    ###....

Your spell library contained the following spells:

 Spells                   Type           Power        Failure   Level  Hunger
 Ozocubu's Armour         Chrm/Ice       ###.....     9%          3    ###....
 Hailstorm                Conj/Ice       ###.....     28%         4    ####...
 Summon Ice Beast         Ice/Summ       ###.....     28%         4    ####...


Dungeon Overview and Level Annotations

Branches:
Dungeon (2/15)

Altars:
Ru

Annotations:
D:2 Crazy Yiuf


Innate Abilities, Weirdness & Mutations

Your experience applies equally to all skills.
You have very sharp teeth.
Your uncanny sense of smell can sniff out nearby items.


Message History

The walls around you are covered in ice.
You are feeling hungry.
The wall freezes Crazy Yiuf.
Crazy Yiuf yells, "Key!
Gnoll Hive koolooloo."
Crazy Yiuf closely misses you.
You now have 6/9 mp.
You thump Crazy Yiuf!
The wall freezes Crazy Yiuf.
Crazy Yiuf hits you with a +4 quarterstaff of chaos!
You are lethally poisoned!
You take 8 damage, and have 17/25 hp.
MASSIVE DAMAGE!!
You barely miss Crazy Yiuf.
You feel very sick.
The wall freezes Crazy Yiuf.
Crazy Yiuf hits you with a +4 quarterstaff of chaos!
Ouch! That really hurt!
* * * LOW HITPOINT WARNING * * *
You are more poisoned.
The wall freezes Crazy Yiuf.
Crazy Yiuf hits you with a +4 quarterstaff of chaos!
You die...

.#.##......####....###.#.<#
.#.##......# #....#
#.#..####### #.##......#
♣....♣ #...........
#.##......# ♣♣...♣
#....######. #.#########
♣♣.♣♣ ####.# #. ♣♣.♣ #.# #.
♣.♣♣ #.# #. ♣♣.♣ #.# #.
♣@♣♣ #.# #. #g# #. #. ...
#. #...# #. #)..# ...... #.
##### ##.... #. #....# # #.
#########....#.# #.
#......##.#..#.####.


You could see Crazy Yiuf.

Vanquished Creatures
  An adder (D:2)
  A leopard gecko (D:1)
  4 bats (D:1)
  3 giant cockroaches (D:1)
  7 goblins
  8 hobgoblins
  3 kobolds
  A ball python (D:1)
  A frilled lizard (D:1)
  A rat (D:1)
30 creatures vanquished.

Notes
Turn   | Place    | Note
-------+----------+-------------------------------------------
     0 | D:1      | 0gre the Gnoll Ice Elementalist began the quest for the
                  | Orb.
     0 | D:1      | Reached XP level 1. HP: 13/13 MP: 6/6
   266 | D:1      | Reached XP level 2. HP: 19/19 MP: 7/7
   487 | D:1      | Reached XP level 3. HP: 25/25 MP: 7/9
   492 | D:1      | Learned a level 3 spell: Frozen Ramparts
   534 | D:1      | Reached skill level 5 in Spellcasting
   659 | D:1      | Noticed a big kobold
   659 | D:1      | Noticed a big kobold
   659 | D:1      | Noticed a big kobold
   659 | D:1      | Noticed a big kobold
   810 | D:2      | Found a faded altar of an unknown god.
   892 | D:2      | Found a sacrificial altar of Ru.
   901 | D:2      | Reached skill level 1 in Invocations
  1047 | D:2      | Found a runed translucent door.
  1048 | D:2      | Noticed Crazy Yiuf
  1054 | D:2      | Mangled by Crazy Yiuf

Illustrated notes

Levels and vault maps discovered:
D:1:      erik_arrival_cave_to_civilisation [erik_arrival_cave_to_temple],
          layout_basic
D:2:      layout_basic, nicolae_ru_awakened_eye,
          chequers_ecumenical_altar_simple_redux, first_ration,
          uniq_crazy_yiuf_cottage

Skill      XL: |  1  2  3 |
---------------+----------+-----
Spellcasting   | 5 |  5.0
Invocations    | 1 |  1.0
Fighting       | |  0.8
Short Blades   | |  0.8
Long Blades    | |  0.8
Axes           | |  0.8
Maces & Flails | |  0.8
Polearms       | |  0.8
Staves         | |  0.8
Slings         | |  0.8
Bows           | |  0.8
Crossbows      | |  0.8
Throwing       | |  0.8
Armour         | |  0.8
Dodging        | |  4.5
Stealth        | |  4.1
Shields        | |  0.8
Unarmed Combat | |  0.8
Conjurations   | |  0.5
Hexes          | |  0.5
Charms         | |  0.5
Summonings     | |  0.5
Necromancy     | |  0.5
Translocations | |  0.5
Transmutations | |  0.5
Fire Magic     | |  0.5
Ice Magic      | |  7.1
Air Magic      | |  0.5
Earth Magic    | |  0.5
Poison Magic   | |  0.5
Evocations     | |  0.8

Action                   || total
-------------------------++-------
Melee: Club              ||     2
       Short sword       ||    29
       Mace              ||     9
       Bite              ||     2
Throw: Stone             ||     3
       Dart              ||     6
 Cast: Freeze            ||    23
       Frozen Ramparts   ||     2
 Stab: Sleeping          ||     1
Armor: Robe              ||     3
Dodge: Dodged            ||    52
